 Dungeon Crawl Stone Soup version 0.25.1-4-g9407a263a5 (webtiles) character file.

Game seed: 1706732995632829879

932 Erymatos the Chopper (level 7, 0/62 HPs)
             Began as a Minotaur Berserker on Nov 25, 2020.
             Was a Believer of Trog.
             Killed from afar by an orc wizard (5 damage)
             ... with a puff of flame
             ... on level 5 of the Dungeon.
             The game lasted 00:06:10 (3518 turns).

Erymatos the Chopper (Minotaur Berserker)           Turns: 3518, Time: 00:06:11

Health: 0/62       AC:  6    Str: 23    XL:     7   Next: 86%
Magic:  6/6        EV: 12    Int:  4    God:    Trog [**....]
Gold:   195        SH:  0    Dex: 10    Spells: 6/6 levels left

rFire    + . .     SeeInvis .   j - +2 hand axe (elec)
rCold    . . .     Gourm    .   (no shield)
rNeg     + . .     Faith    .   p - +0 ring mail
rPois    .         Spirit   .   (helmet restricted)
rElec    .         Reflect  .   (no cloak)
rCorr    .         Harm     .   (no gloves)
MR       .....                  (no boots)
Stlth    +.........             (no amulet)
HPRegen  0.20/turn              d - ring of positive energy
MPRegen  0.10/turn              g - ring of protection from fire

@: lethally poisoned (0 -> -7), berserk cooldown, slowed, very slow
A: retaliatory headbutt, horns 2
a: Berserk, Trog's Hand, Renounce Religion


You were on level 5 of the Dungeon.
You worshipped Trog.
Trog was pleased with you.
You were hungry.

You visited 1 branch of the dungeon, and saw 5 of its levels.

You collected 195 gold pieces.

Inventory:

Hand Weapons
 a - a +0 hand axe
 j - a +2 hand axe of electrocution (weapon)
Armour
 b - a +0 animal skin
 p - a +0 ring mail (worn)
Jewellery
 d - a ring of positive energy (left hand)
 g - a ring of protection from fire (right hand)
 x - an uncursed ring of ice
Scrolls
 e - 2 scrolls of enchant weapon
 k - 2 scrolls of identify
 l - a scroll of random uselessness {unknown}
 m - a scroll of magic mapping {unknown}
 n - a scroll of enchant armour {unknown}
 o - 3 scrolls of teleportation
 u - a scroll of remove curse
 w - a scroll of amnesia {unknown}
Potions
 f - 2 potions of resistance
 h - 2 potions of mutation {unknown}
 i - a potion of lignification {unknown}
 q - 2 potions of stabbing {unknown}
 r - 3 potions of curing {unknown}
 t - 2 potions of flight {unknown}
 v - a potion of heal wounds {unknown}
Comestibles
 c - 4 rations
 s - a chunk of flesh


   Skills:
 + Level 5.8 Fighting
 + Level 7.7 Axes
 + Level 6.1 Armour
 + Level 4.1 Dodging
 - Level 0.4 Stealth


You had 6 spell levels left.
You didn't know any spells.
Your spell library was empty.

Dungeon Overview and Level Annotations

Branches:
Dungeon (5/15)
 Temple: D:4-7

Altars:
Hepliaklqana
Kikubaaqudgha
Xom


Innate Abilities, Weirdness & Mutations

You reflexively headbutt those who attack you in melee.
You have a pair of horns on your head.


Message History

* * * LOW HITPOINT WARNING * * *
Something hits you but does no damage.
You hit the orc but do no damage.
The orc is moderately wounded.
You barely miss something.
You feel sick. The orc hits you but does no damage.
The orc hits you from afar with a +0 trident.
* * * LOW HITPOINT WARNING * * *
Something hits you.
* * * LOW HITPOINT WARNING * * *
The orc barely misses you. You furiously retaliate!
You headbutt the orc. You hit the orc.
You kill the orc!
Trog accepts your kill.
You hit something.
* * * LOW HITPOINT WARNING * * *
You feel sick. The orc closely misses you.
You hear some strange, mumbled words.
A puff of flame appears from out of thin air!
The puff of flame hits you. You resist.
You die...

......# #<......###
....... ##..........
....... ...........
.....$. #.........
....... #..#."... .......
#........ ......o##
#.#...... ......))####
##.##.....
.......{@..#####..##.....
.......).)..#....[##.....
..............###.##.....
.......................>.
........#######.#.##.....
....##### .#.##..... ....
..##..... ## #########


You could see an orc.

Vanquished Creatures
  Grinder (D:4)
  A water moccasin (D:5)
  An ice beast (D:5)
  A centaur (D:5)
  An ogre (D:4)
  A hound (D:4)
  Natasha (thrice) (D:4)
  3 orc wizards
  A worker ant (D:5)
  7 gnolls
  4 adders
  An ooze (D:1)
  2 worms
  2 leopard geckos
  9 orcs
  A ball python (D:2)
  3 bat zombies (D:2)
  4 giant cockroaches
  7 goblins
  5 hobgoblins
  2 kobolds (D:2)
  3 bats
  5 frilled lizards
  2 rats
  A rat zombie (D:2)
71 creatures vanquished.

Notes
Turn   | Place    | Note
-------+----------+-------------------------------------------
     0 | D:1      | Erymatos the Minotaur Berserker began the quest for the
                  | Orb.
     0 | D:1      | Reached XP level 1. HP: 19/19 MP: 0/0
   100 | D:1      | Reached XP level 2. HP: 27/27 MP: 1/1
   467 | D:1      | Reached skill level 4 in Axes
   714 | D:2      | Found an ancient bone altar of Kikubaaqudgha.
   773 | D:2      | Reached XP level 3. HP: 34/34 MP: 2/2
  1018 | D:2      | Reached ** piety under Trog
  1104 | D:2      | Found a hazy altar of Hepliaklqana.
  1138 | D:2      | Reached XP level 4. HP: 34/41 MP: 3/3
  1497 | D:2      | Reached skill level 5 in Axes
  1705 | D:2      | Found a shimmering altar of Xom.
  1868 | D:3      | Reached XP level 5. HP: 47/47 MP: 4/4
  1875 | D:3      | Reached skill level 5 in Fighting
  2768 | D:4      | Noticed Natasha
  2770 | D:4      | Killed Natasha
  2788 | D:4      | Noticed an ogre
  2792 | D:4      | Killed an ogre
  2792 | D:4      | Reached skill level 6 in Axes
  2792 | D:4      | Reached XP level 6. HP: 31/56 MP: 5/5
  3033 | D:4      | Noticed Natasha
  3037 | D:4      | Killed Natasha
  3048 | D:4      | Noticed Grinder
  3057 | D:4      | Killed Grinder
  3057 | D:4      | Reached XP level 7. HP: 52/61 MP: 6/6
  3365 | D:4      | Noticed Natasha
  3369 | D:4      | Killed Natasha
  3369 | D:4      | Reached skill level 5 in Armour
  3446 | D:5      | Entered Level 5 of the Dungeon
  3465 | D:5      | Reached skill level 7 in Axes
  3518 | D:5      | Killed from afar by an orc wizard

Illustrated notes

Levels and vault maps discovered:
D:1:      shiori_angband_town, layout_basic
D:2:      layout_loops_corners, nicolae_overflow_crystal_walls,
          lemuel_zombie_altar_kikubaaqudgha, lemuel_doored_altar,
          kennysheep_boxes
D:3:      layout_basic, minmay_misc_feat_secret_circle
D:4:      layout_cave_pools, serial_park, grunt_ministairs_13, uniq_grinder,
          uniq_natasha
D:5:      layout_rooms, first_ration, uniq_sigmund

Skill      XL: |  1  2  3  4  5  6  7 |
---------------+----------------------+-----
Fighting       | 4 5 |  5.8
Axes           | 4 5 6 7 |  7.7
Armour         | 3 4 6 |  6.1
Dodging        | 3 4 |  4.1
Stealth        | |  0.4

Action                   |  1- 3 |  4- 6 |  7- 9 || total
-------------------------+-------+-------+-------++-------
Melee: Hand axe          |    45 |    55 |    25 ||   125
       Headbutt          |     8 |     8 |     2 ||    18
Invok: Berserk           |     1 |     2 |     1 ||     4
       Trog's Hand       |       |       |     1 ||     1
  Use: Scroll            |       |     4 |     1 ||     5
 Stab: Sleeping          |     1 |       |       ||     1
  Eat: Chunk             |     1 |     7 |       ||     8
       Ration            |       |       |     1 ||     1
Armor: Animal skin       |     7 |       |       ||     7
       Ring mail         |     2 |    15 |    13 ||    30
Dodge: Dodged            |    24 |    32 |    21 ||    77
